 Dungeon Crawl Stone Soup version 0.19.1 (webtiles) character file.

35021 XO4YCPATb the Thaumaturge (level 13, 0/63 HPs)
             Began as a Deep Elf Fire Elementalist on Dec 9, 2016.
             Was an Elder of Vehumet.
             Slain by a six-headed hydra (14 damage)
             ... on level 4 of the Lair of Beasts.
             The game lasted 01:00:33 (23167 turns).

XO4YCPATb the Thaumaturge (DEFE)                   Turns: 23167, Time: 01:00:34

Health: 0/63       AC: 10    Str:  6    XL:     13   Next: 45%
Magic:  48/56      EV: 20    Int: 25    God:    Vehumet [****..]
Gold:   780        SH:  0    Dex: 15    Spells: 7 memorised, 13 levels left

rFire  . . .     SeeInvis .     T - staff of power
rCold  . . .     Gourm    .     A - +1 robe {MR+}
rNeg   . . .     Faith    .     (no shield)
rPois  +         Spirit   .     h - +1 helmet
rElec  .         Reflect  .     y - +2 cloak {MR+}
rCorr  .         Harm     .     E - +1 pair of gloves
MR     +++..                    (no boots)
Stlth  ++........               (no amulet)
                                f - ring of poison resistance
                                L - ring of magical power

@: no status effects
A: no striking features
a: Renounce Religion


You were on level 4 of the Lair of Beasts.
You worshipped Vehumet.
Vehumet was greatly pleased with you.
You were not hungry.

You visited 3 branches of the dungeon, and saw 18 of its levels.
You also visited: Labyrinth.

You collected 780 gold pieces.

Inventory:

Hand Weapons
 w - a +6 quarterstaff of chaos
Armour
 h - a +1 helmet (worn)
 y - a +2 cloak of magic resistance (worn)
 A - a +1 robe of magic resistance (worn)
 E - a +1 pair of gloves (worn)
Magical Staves
 T - an uncursed staff of power (weapon)
Jewellery
 f - a ring of poison resistance (right hand)
 i - an uncursed ring of see invisible
 L - a ring of magical power (left hand)
 P - an uncursed ring of positive energy
Wands
 l - a wand of disintegration (14/24)
 o - a wand of iceblast (8/15)
 r - a wand of teleportation (3/9)
 I - a wand of iceblast (9/15)
Scrolls
 a - a scroll of recharging
 e - a scroll of magic mapping
 g - 2 scrolls of blinking
 j - 8 scrolls of teleportation
 m - 8 scrolls of remove curse
 n - 6 scrolls of fear
 q - a scroll of fog
 v - 3 scrolls of immolation
 x - 5 scrolls of identify
 M - 2 scrolls of vulnerability
Potions
 d - 11 potions of curing
 s - 2 potions of agility
 t - 2 potions of brilliance
 u - 2 potions of cancellation
 z - a potion of cure mutation
 B - 2 potions of invisibility
 F - 2 potions of flight
 J - a potion of lignification
Miscellaneous
 p - a disc of storms
 C - a phantom mirror
Comestibles
 b - 31 fruits
 c - 3 bread rations
 k - 9 meat rations


   Skills:
 - Level 5.6 Staves
 + Level 12.0 Dodging
 - Level 2.4 Stealth
 + Level 13.8 Spellcasting
 + Level 12.8 Conjurations
 - Level 4.0 Hexes
 + Level 5.9 Charms
 + Level 11.6 Fire Magic
 - Level 5.5 Earth Magic


You had 13 spell levels left.
You knew the following spells:

 Your Spells              Type           Power        Failure   Level  Hunger
a - Flame Tongue          Conj/Fire      #####        1%          1    None
b - Sticky Flame          Conj/Fire      ######..     1%          4    None
c - Fireball              Conj/Fire      ######....   1%          5    ##.....
d - Inner Flame           Hex/Fire       ######..     1%          3    None
e - Ignite Poison         Fire/Tmut/Pois #####...     1%          3    None
f - Bolt of Magma         Conj/Fire/Erth ######....   1%          5    ##.....
g - Iskenderun's Battles  Conj/Chrm      ######..     1%          5    ##.....


Dungeon Overview and Level Annotations

Branches:
Dungeon (13/15)            Temple (1/1) D:6            Lair (4/6) D:8
 Shoals (0/4) Lair:2       Spider (0/4) Lair:2          Orc (0/2) D:9
 Vaults: D:13-14

Altars:
Ashenzari
Cheibriados
Dithmenos
Elyvilon
Fedhas
Gozag
Hepliaklqana
Kikubaaqudgha
Makhleb
Nemelex Xobeh
Okawaru
Qazlal
Ru
Sif Muna
Trog
Uskayaw
Vehumet
Xom
Yredelemnul
Zin
The Shining One

Annotations:
D:12 stash


Message History

The six-headed hydra bites you but does no damage.
The six-headed hydra misses you.
The six-headed hydra completely misses you.
The six-headed hydra burns!
The six-headed hydra bites you!
* * * LOW HITPOINT WARNING * * *
The six-headed hydra completely misses you.
The six-headed hydra bites you.
* * * LOW HITPOINT WARNING * * *
The six-headed hydra closely misses you. x3
Casting: Sticky Flame
Confirm with . or Enter, or press ? or * to list all spells.
Aiming: Bolt of Magma
Press: ? - help, Shift-Dir - straight line, f/p - six-headed hydra
Aim: a six-headed hydra (moderately wounded, covered in liquid flames)
The bolt of magma misses the six-headed hydra.
The six-headed hydra burns!
The six-headed hydra barely misses you. x2
The six-headed hydra bites you.
* * * LOW HITPOINT WARNING * * *
The six-headed hydra bites you!
You die...

#........## ###P##.#
#.........### #......##
......PP....# #.......##
.........#..#####........#
#......#.#....#...###....
..#.....####......## #....
....#.P.####.....## ##...
....#P..<.##.....## ##..
#.......D@........## ##P
....##.............## ##
..............÷.....#
...............###÷.###
.†.............# ##...#
..............# #..##
...............##.#.#
.............####.#.#
............## ##..#


You could see a six-headed hydra (burning).

Vanquished Creatures
  A minotaur (Lab)
  4 hydras
  A catoblepas (Lair:2)
  Nergalle (Lair:1)
  A skeletal warrior (D:11)
  3 unseen horrors
  5 hill giants
  A lindwurm (Lair:4)
  2 manticores
  Joseph (D:9)
  2 molten gargoyles (Lair:3)
  2 black mambas
  Psyche (D:10)
  9 spiny frogs
  A komodo dragon (Lair:2)
  A rime drake (Lair:3)
  A tengu conjurer (D:11)
  A troll (D:11)
  A polar bear (Lair:2)
  Grinder (D:3)
  Prince Ribbit (D:9)
  13 slime creatures
  A jumping spider (Lair:2)
  11 blink frogs
  8 hippogriffs
  A wraith (D:12)
  11 yaks
  2 vampire mosquitoes (D:12)
  2 basilisks (Lair:2)
  3 hungry ghosts
  A steam dragon (D:8)
  A swamp worm (Lair:4)
  2 wargs (D:8)
  7 water moccasins
  6 porcupines
  6 orc warriors
  4 black bears
  A phantom (D:11)
  7 sky beasts
  An eye of draining (D:8)
  4 wolves (Lair:2)
  6 ogres
  6 centaurs
  9 crocodiles
  3 big kobolds
  13 bullfrogs
  The ghost of XO4YCPATb the Magician, an amateur DEFE (D:3)
  A wyvern zombie (D:12)
  A water moccasin skeleton (D:7)
  4 scorpions
  3 killer bees (D:10)
  8 wights
  An electric eel (Lair:2)
  7 howler monkeys
  5 lava snakes (Lair:3)
  2 bullfrog zombies
  4 crimson imps
  A quasit (D:9)
  2 centaur skeletons
  7 hounds
  3 jellies
  7 orc priests
  6 bullfrog skeletons
  7 orc wizards
  Crazy Yiuf (D:5)
  2 iguanas
  11 worker ants
  The ghost of XO4YCPATb the Firebug, a weakling DEFE (D:4)
  3 hound skeletons
  A worker ant zombie (D:10)
  16 gnolls
  A howler monkey skeleton (D:9)
  9 adders
  A river rat (D:9)
  A shadow imp (D:9)
  An adder skeleton (D:9)
  An adder zombie (D:8)
  2 worms
  2 dart slugs
  6 leopard geckos
  31 orcs
  12 bats
  9 giant cockroaches
  6 goblins
  6 hobgoblins
  16 jackals
  16 kobolds
  5 quokkas
  9 frilled lizards
  A jackal skeleton (D:5)
  A quokka skeleton (D:6)
  9 rats
420 creatures vanquished.

Vanquished Creatures (collateral kills)
  An orc warrior (D:7)
1 creature vanquished.

Vanquished Creatures (others)
  7 fungi (Lair:4)
  7 plants (Lair:4)
14 creatures vanquished.

Grand Total: 435 creatures vanquished

Notes
Turn   | Place    | Note
-------+----------+-------------------------------------------
     0 | D:1      | XO4YCPATb the Deep Elf Fire Elementalist began the quest for the Orb.
     0 | D:1      | Reached XP level 1. HP: 10/10 MP: 6/6
   324 | D:1      | Reached XP level 2. HP: 15/15 MP: 5/8
  1242 | D:2      | Reached XP level 3. HP: 19/19 MP: 7/9
  1747 | D:2      | Reached XP level 4. HP: 23/24 MP: 3/11
  1756 | D:2      | Learned a level 4 spell: Sticky Flame
  2201 | D:3      | Reached skill level 4 in Spellcasting
  2381 | D:3      | Reached XP level 5. HP: 8/28 MP: 4/13
  2619 | D:2      | Learned a level 5 spell: Fireball
  2737 | D:3      | Noticed XO4YCPATb's ghost (amateur DEFE)
  2750 | D:3      | Killed XO4YCPATb's ghost
  3366 | D:3      | Reached skill level 5 in Fire Magic
  3470 | D:3      | Noticed Grinder
  3476 | D:3      | Killed Grinder
  3476 | D:3      | Reached skill level 5 in Spellcasting
  3476 | D:3      | Reached skill level 5 in Conjurations
  3476 | D:3      | Reached XP level 6. HP: 32/32 MP: 6/15
  3959 | D:4      | Got a slimy flail
  3965 | D:4      | Identified the +2 flail of the Establishment {vamp, *Drain +Fly rC+ rN+} (You found it on level 4 of the Dungeon)
  4070 | D:4      | Reached XP level 7. HP: 36/36 MP: 10/17
  4118 | D:4      | Found an opulent altar of Gozag.
  4277 | D:4      | Noticed XO4YCPATb's ghost (weakling DEFE)
  4281 | D:4      | Killed XO4YCPATb's ghost
  4617 | D:5      | Entered Level 5 of the Dungeon
  5212 | D:5      | Found a runed door.
  5217 | D:5      | Noticed Crazy Yiuf
  5221 | D:5      | Killed Crazy Yiuf
  5239 | D:5      | Identified a +0 rod of inaccuracy (9/9) (You found it on level 4 of the Dungeon)
  5315 | D:5      | Reached skill level 6 in Spellcasting
  5850 | D:6      | Reached XP level 8. HP: 21/41 MP: 16/20
  6176 | D:6      | Found a staircase to the Ecumenical Temple.
  6189 | Temple   | Entered the Ecumenical Temple
  6223 | Temple   | Became a worshipper of Vehumet
  6302 | D:6      | Reached skill level 7 in Spellcasting
  7321 | D:7      | Reached skill level 8 in Spellcasting
  7420 | D:7      | Reached XP level 9. HP: 28/45 MP: 16/23
  7571 | D:7      | Reached * piety under Vehumet
  7571 | D:7      | Offered knowledge of Sting by Vehumet.
  7632 | D:7      | Learned a level 3 spell: Inner Flame
  7841 | D:7      | Noticed a hill giant
  7841 | D:7      | Reached skill level 1 in Hexes
  7851 | D:7      | Killed a hill giant
  7851 | D:7      | Reached skill level 9 in Spellcasting
  8399 | D:8      | Reached skill level 10 in Conjurations
  8535 | D:7      | Reached ** piety under Vehumet
  8535 | D:7      | Offered knowledge of Searing Ray by Vehumet.
  8747 | D:8      | Reached skill level 10 in Spellcasting
  9003 | D:8      | Found a staircase to the Lair.
  9073 | D:8      | Reached XP level 10. HP: 44/50 MP: 2/26
  9399 | D:8      | Reached skill level 1 in Staves
  9885 | D:9      | Noticed Psyche
  9960 | D:9      | Noticed Prince Ribbit
 10088 | D:9      | Noticed Joseph
 10273 | D:9      | Killed Joseph
 10371 | D:9      | Found a staircase to the Orcish Mines.
 10693 | D:9      | Killed Prince Ribbit
 10896 | D:9      | Offered knowledge of Stone Arrow by Vehumet.
 11307 | D:9      | Reached skill level 5 in Dodging
 11386 | D:10     | Entered Level 10 of the Dungeon
 11399 | D:10     | Noticed a hill giant
 11416 | D:10     | Killed a hill giant
 11498 | D:10     | Reached *** piety under Vehumet
 11565 | D:10     | Found a blossoming altar of Fedhas.
 11618 | D:10     | Killed Psyche
 11618 | D:10     | Reached skill level 11 in Spellcasting
 12118 | D:10     | Offered knowledge of Ignite Poison by Vehumet.
 12169 | D:10     | Learned a level 3 spell: Ignite Poison
 12367 | D:11     | Noticed an unseen horror
 12373 | D:11     | Killed an unseen horror
 12373 | D:11     | Reached XP level 11. HP: 51/54 MP: 21/28
 12470 | D:11     | Noticed an unseen horror
 12474 | D:11     | Killed an unseen horror
 12693 | D:11     | Noticed a skeletal warrior
 12722 | D:11     | Killed a skeletal warrior
 13087 | D:11     | Reached **** piety under Vehumet
 13087 | D:11     | Reached skill level 10 in Fire Magic
 13376 | D:11     | Noticed a hill giant
 13381 | D:11     | Killed a hill giant
 13384 | D:11     | Noticed a hill giant
 13395 | D:11     | Killed a hill giant
 13782 | D:11     | Noticed a four-headed hydra
 13786 | D:11     | Killed a four-headed hydra
 13786 | D:11     | Reached skill level 5 in Staves
 13786 | D:11     | Reached skill level 12 in Spellcasting
 14072 | D:11     | Offered knowledge of Bolt of Magma by Vehumet.
 14079 | D:11     | Learned a level 5 spell: Bolt of Magma
 14311 | D:12     | Noticed a hill giant
 14324 | D:12     | Killed a hill giant
 14324 | D:12     | Reached skill level 1 in Earth Magic
 14355 | D:12     | Found a labyrinth entrance.
 14366 | Lab      | Entered a labyrinth
 14696 | Lab      | Noticed a minotaur
 14699 | Lab      | Killed a minotaur
 14716 | Lab      | Got a steaming spear
 14787 | D:12     | Identified the cursed +1 spear "Feisag" {flame, Int+5} (You found it in a labyrinth)
 14854 | D:12     | Reached XP level 12. HP: 59/59 MP: 30/30
 15089 | D:12     | Noticed a four-headed hydra
 15105 | D:12     | Killed a four-headed hydra
 15105 | D:12     | Reached skill level 10 in Dodging
 15315 | D:12     | Found a burning altar of Makhleb.
 16342 | Lair:1   | Entered Level 1 of the Lair of Beasts
 17176 | Lair:1   | Reached skill level 5 in Earth Magic
 17180 | Lair:1   | Reached ***** piety under Vehumet
 17516 | Lair:1   | Noticed Nergalle
 17530 | Lair:1   | Killed Nergalle
 18175 | Lair:2   | Offered knowledge of Iskenderun's Battlesphere by Vehumet.
 18190 | Lair:2   | Learned a level 5 spell: Iskenderun's Battlesphere
 18865 | Lair:2   | Reached skill level 13 in Spellcasting
 18867 | Lair:2   | Reached skill level 1 in Charms
 19108 | Lair:2   | Found a staircase to the Shoals.
 19254 | Lair:2   | Found a hole to the Spider Nest.
 19372 | Lair:2   | Noticed a catoblepas
 19381 | Lair:2   | Killed a catoblepas
 19626 | Lair:2   | Reached XP level 13. HP: 26/63 MP: 32/32
 22655 | Lair:4   | Reached skill level 5 in Charms
 23167 | Lair:4   | Slain by a six-headed hydra

Skill      XL: |  1  2  3  4  5  6  7  8  9 10 11 12 13 |
---------------+----------------------------------------+-----
Conjurations   | 2 3 5 7 9 10 11 12 | 12.8
Fire Magic     | 4 5 6 7 8 9 10 11 | 11.6
Spellcasting   | 4 5 6 8 10 11 12 13 | 13.8
Hexes          | 4 |  4.0
Staves         | 3 5 |  5.6
Dodging        | 6 9 11 12 | 12.0
Earth Magic    | 2 5 |  5.5
Charms         | 3 5 |  5.9
Stealth        | |  2.4

Action                   |  1- 3 |  4- 6 |  7- 9 | 10-12 | 13-15 || total
-------------------------+-------+-------+-------+-------+-------++-------
Melee: Unarmed           |     8 |       |       |       |       ||     8
       Dagger            |     1 |       |       |       |       ||     1
       Whip              |       |    43 |       |       |       ||    43
       Flail             |       |     2 |    21 |       |       ||    23
       Quarterstaff      |       |       |   146 |   275 |       ||   421
       Staff             |       |       |       |     9 |    10 ||    19
 Cast: Flame Tongue      |    72 |    80 |   101 |   156 |    45 ||   454
       Sticky Flame      |       |     8 |    18 |    79 |    18 ||   123
       Fireball          |       |       |    16 |    62 |     9 ||    87
       Bolt of Magma     |       |       |       |    21 |    44 ||    65
       Iskenderun's Batt |       |       |       |       |     3 ||     3
  Use: Scroll            |     5 |     2 |     9 |     8 |     4 ||    28
       Potion            |       |     4 |       |     1 |       ||     5
 Stab: Sleeping          |       |       |     4 |     4 |       ||     8
       Paralysed         |       |       |     1 |     2 |       ||     3
       Confused          |       |       |       |     3 |       ||     3
  Eat: Chunk             |     2 |     8 |    17 |    30 |     3 ||    60
       Meat ration       |       |     1 |       |       |       ||     1
       Beef jerky        |       |       |     2 |     2 |     1 ||     5
       Pizza             |       |       |       |     1 |       ||     1
       Fruit             |       |       |       |     5 |     1 ||     6
       Bread ration      |       |       |       |     1 |     2 ||     3
Armor: Robe              |     9 |     8 |    76 |   115 |     8 ||   216
Dodge: Dodged            |    22 |    44 |   150 |   355 |    46 ||   617
